Description

Dark vs Maru

ZvT:

Roach Ravager Ling 2 base saturation timing attack against BC opener Terran with bio tech - followed by a Nydus Network finisher attack.


SALT:

$b'Dark'-111704|spawningtool.com||~) ,!?, Q D.!) C-!. I1" !@1" !@6"!!C6"!!C7"+!?8"6 D;"H!@;"L#J<"Q!?@#0!@G#@ HH#H CH#H CQ$.!AQ$.!AQ$0!AQ$0!AQ$0!AQ$0!AQ$0!A_$4!A_$4!Ac$>!Ae$R!Ce$R!Ce$R!Ce$R!Ce$R!Ce$R!Ce$R!Ce$R!Cn$Z")n$Z")n$Z")v%( Lu%0")


Replay Link:

https://lotv.spawningtool.com/53992/


Original game was at:

2019 WCS Global Finals

Played on: Nov. 1, 2019, 8:13 p.m.

Length: 10:18

(patch version 4.10.4)

VOD

https://youtu.be/T7fExr5SBc4?t=2644

Replay - Dark v Maru: Game 3 - Winter's Gate LE

Build Order

Why is there no SALT encoding or Overwolf build?

  16    Hatchery  
  18    Extractor  @17 Drone Cocoon ~ @140 Minerals
  17    Spawning Pool  @Drone Cocoon
  16    Drone  (Drone till 21/22 supp)
      Drone  
      Drone  
      Drone  
      Drone  
  21  2:03  Queen x2, Zergling x2  @21 Drone Cocoon - rally it to make a 3rd
  28  2:22  Hatchery  (3rd Hatchery)
  27    Overlord  (27/28 supp in total)
  27    Drone  (28/28 supp in total)
  27    Drone  (Make only Drones!)
  27    Drone x2  
  31    Queen, Drone  (3rd Queen in total) (Natural queen produces Creep tumor) --- {1 ling died in the VOD game}
  31    Metabolic Boost  
  33    Overlord x2  
      Drone x7  
  40    Queen  (4th Queen in total)
      Drone x4  
  46  3:33  Extractor x2, Roach Warren  (3 Extractors in total)
      Drone  (Still only Drones!)
      Drone x9  
      Drone  
  54    Overlord x2  (54/58 supp)
  54  4:14  Ravager x3, Roach x10, Zergling x30  @Roach Warren
  90  5:09  Spore Crawler, Overlord x3  (90/90 supp), (Go Droning in the meanwhile of the attack!)
      Drone  
    5:28  Ravager x3, Zergling x20  (Keep flooding with lings!), (Add 3 more Ravagers)
    6:09  Lair, Queen x2, Spore Crawler x2  
    6:43  Evolution Chamber x2, Extractor x2, Hatchery  (6 Extractors in total), (4th Hatchery)
      Overlord x2  
    7:00  Roach  (Go only Roaches now!)
    7:04  Glial Reconstitution, Zerg Ground Armor Level 1, Zerg Missile Weapons Level 1  @Lair
      Overlord x4  Spam Overlords
      Overlord  
      Overlord  
      Overlord  
      Ventral Sacs  Make 1 Droplord
      Ravager  (Add 5 more Ravagers - 11 in total)
      Ravager  
      Ravager x2  
      Ravager  
      Spore Crawler  Make 1 Spore in the 4th Hatch
      Queen x3  
    8:43  Nydus Network  (171/192 supp)
    9:04  Overlord  (189/192 supp - Make 1 last Overlord)
    9:20  Nydus Canal, Zerg Ground Armor Level 2, Zerg Missile Weapons Level 2  @Nydus Network - make Nydus Worm in the opponent's base!, @End of "+1" "+1" start "+2" "+2"
      Nydus Canal  Make another Nydus Worm next to the first as for backup! Attack his production structures.
      Nydus Canal  Make another Nydus Worm in his other bases!
Spawning Tool Build Advisor. Get it on Overwolf

Analysis

(This is a simple text form of this build if it's more comfortable for you to read:)

Dark vs Maru

ZvT:

Roach Ravager Ling 2 base saturation timing attack against BC opener Terran with bio tech - followed by a Nydus Network finisher attack.


16hatch

@drone cocoon 18gas

@drone cocoon 17 pool

(drone till 21/22)

@21 drone cocoon - rally it to make a 3rd (@2:03min) + make 4 zerglings and 2 queens (27/28)

27 overlord + 1 drone

(the 3rd hatch is taken @2:22)

only drones!

natural queen produces creep tumor.

make a third queen + research Metabolic boost

@32 2 overlords

make a 4th queen

@3:33 44 supply - make a Roach warren + 2 gasses (3 gasses in total)

still only drones!

53/58 2 overlords

@Roach warren - 10 Roaches + 30 zerglings + 3 Ravagers

3 overlords + 1 spore (@5:09min)

20 more zerglings + 3 more Ravagers

(Droning in the meanwhile of the attack)

Go Droning!

@6:09 Lair + 2 spores + 2 queens

@6:43 2 evo chambers + 3 more gas (6 gasses in total) + 4th Hatchery

2 overlords

Go only Roaches! + Glial Reconstitution + Research "+1" Range attack "+1" Carapace

7 overlords + make a Droplord + make 5 Ravagers (11 Ravagers in total)

1 spore at the 4th

3 queens

@8:43 171/192 Nydus Network

@9:04 189/192 make 1 last overlord

@Nydus Network - make a Nydus Worm at opponent's base

@9:23 ~ @end of "+1" "+1" start "+2" "+2" + @Nydus Worm - GO ATTACK via Nydus!

make another Nydus Worm next to it for backup.

attack his production structures.

make another Nydus Worm at his other bases.

Go to:

Details

  • Created by: taljacob
  • Published on: Jan 23, 2020
  • Modified on: Jan 23, 2020
  • Patch: 4.11.0
Show

Export as new Build Order

Comments (0)

There are no comments. Be the first!

Create an account to comment!